 Dungeon Crawl Stone Soup version 0.21.1 (webtiles) character file.

389 JeffiDaFish the Ducker (level 6, -4/28 HPs)
             Began as a Spriggan Venom Mage on Feb 4, 2018.
             Slain by a mummy (14 damage)
             ... on level 5 of the Dungeon.
             The game lasted 00:11:29 (4877 turns).

JeffiDaFish the Ducker (Spriggan Venom Mage)        Turns: 4877, Time: 00:11:30

Health: -4/28      AC:  6    Str:  4    XL:     6   Next: 50%
Magic:  14/14      EV: 17    Int: 19    God:
Gold:   232        SH:  0    Dex: 16    Spells: 4/14 levels left

rFire    . . .     SeeInvis +   k - +1 short sword (drain)
rCold    + . .     Gourm    .   (shield restricted)
rNeg     . . .     Faith    .   a - +2 robe
rPois    .         Spirit   .   (helmet restricted)
rElec    .         Reflect  .   (no cloak)
rCorr    .         Harm     .   (gloves unavailable)
MR       +....                  (boots unavailable)
Stlth    ++........             (no amulet)
HPRegen  0.09/turn              (no ring)
MPRegen  0.14/turn              (no ring)

@: very heavily drained, very quick
A: very small, unfitting armour, icy blue scales 1, see invisible, cold
resistance 1, herbivore, speed 3, slow metabolism 2
a: no special abilities


You were on level 5 of the Dungeon.
You were hungry.

You visited 1 branch of the dungeon, and saw 5 of its levels.

You collected 232 gold pieces.

Inventory:

Hand Weapons
 k - a +1 short sword of draining (weapon)
Armour
 a - a +2 robe (worn)
Wands
 d - a wand of digging (9)
 l - a wand of paralysis (16)
Scrolls
 f - a scroll of fear
 h - a scroll of identify
 i - 2 scrolls of teleportation
 j - a scroll of enchant armour
 m - 2 scrolls of amnesia
Potions
 e - a potion of heal wounds
 g - 4 potions of curing
Books
 b - a Young Poisoner's Handbook

   Spells                             Type                      Level
   a - Sting                          Conjuration/Poison           1
   b - Poisonous Vapours              Poison/Air                   2
   c - Mephitic Cloud                 Conjuration/Poison/Air       3
   d - Olgreb's Toxic Radiance        Poison                       4
   e - Venom Bolt                     Conjuration/Poison           5
Comestibles
 c - 8 rations


   Skills:
 * Level 5.8(1.7) Dodging
 + Level 4.7(0.8) Stealth
 * Level 4.9(0.9) Spellcasting
 + Level 1.8(0.0) Conjurations
 + Level 1.4(0.0) Air Magic
 + Level 3.7(0.0) Poison Magic


You had 4 spell levels left.
You knew the following spells:

 Your Spells              Type           Power        Failure   Level  Hunger
a - Sting                 Conj/Pois      #...         19%         1    ##.....
b - Poisonous Vapours     Pois/Air       #.....       28%         2    ###....
c - Mephitic Cloud        Conj/Pois/Air  #.......     50%         3    ####...
d - Olgreb's Toxic Radia  Pois           #.......     88%         4    #####..


Dungeon Overview and Level Annotations

Branches:
Dungeon (5/15)
 Temple: D:4-7

Altars:
Cheibriados
Elyvilon
Wu Jian
Xom

Annotations:
D:3 Ajohnson's ghost, amateur HOFi
D:4 ddubois's ghost, amateur GrSk


Innate Abilities, Weirdness & Mutations

You are very small and have problems with some larger weapons.
You are too small for most types of armour.
You have supernaturally acute eyesight. (SInv)
You are a herbivore.
You cover ground extremely quickly.
You need consume almost no food.
You are partially covered in icy blue scales. (AC +2)
Your flesh is cold resistant. (rC+)


Message History

You hit the mummy.
The mummy is moderately damaged.
The mummy completely misses you.
You hit the mummy.
The mummy is heavily damaged.
You hit the mummy but do no damage.
The mummy is heavily damaged.
The mummy barely misses you.
You hit the mummy.
The mummy is severely damaged.
The mummy hits you!
Ouch! That really hurt!
You hit the mummy but do no damage.
The mummy is severely damaged.
You hit the mummy.
The mummy is severely damaged.
The mummy closely misses you. The mummy hits you!
Ouch! That really hurt!
You die...

.....#### #
.....####o#
.....####h#
........#.#
..........
.._......
........#
.......M####..#
.....###@.....#
.....###.......#
.....#####.#.#.#
.(....... ...#
###..#.## ###
#..#. ....#. ##
..


You could see a mummy.

Vanquished Creatures
  A hound (D:4)
  2 jellies (D:3)
  An orc priest (D:3)
  2 orc wizards (D:4)
  Terence (D:2)
  4 adders
  10 oozes
  2 worms
  A dart slug (D:2)
  2 leopard geckos (D:3)
  8 orcs
  3 bats
  4 giant cockroaches
  17 hobgoblins
  8 jackals
  13 kobolds
  A quokka (D:3)
  3 frilled lizards (D:3)
  7 goblins
  11 rats
101 creatures vanquished.

Vanquished Creatures (others)
  8 toadstools (D:3)
8 creatures vanquished.

Grand Total: 109 creatures vanquished

Notes
Turn   | Place    | Note
-------+----------+-------------------------------------------
     0 | D:1      | JeffiDaFish the Spriggan Venom Mage began the quest for the Orb.
     0 | D:1      | Reached XP level 1. HP: 9/9 MP: 5/5
   363 | D:1      | Reached XP level 2. HP: 8/13 MP: 5/7
   477 | D:1      | Learned a level 2 spell: Poisonous Vapours
   865 | D:1      | Gained mutation: Your flesh is cold resistant. (rC+) [potion of mutation]
   865 | D:1      | Gained mutation: You are partially covered in icy blue scales. (AC +2) [potion of mutation]
   899 | D:1      | Reached XP level 3. HP: 16/16 MP: 8/8
  1068 | D:2      | Reached skill level 1 in Conjurations
  1192 | D:2      | Found a shimmering altar of Xom.
  1301 | D:2      | Learned a level 3 spell: Mephitic Cloud
  1531 | D:2      | Reached skill level 4 in Dodging
  1537 | D:2      | Noticed Terence
  1564 | D:2      | Killed Terence
  1564 | D:2      | Reached XP level 4. HP: 13/21 MP: 1/10
  1927 | D:3      | Noticed Ajohnson's ghost (amateur HOFi)
  2084 | D:3      | Reached XP level 5. HP: 24/24 MP: 5/12
  2630 | D:3      | Found an ornate altar of the Wu Jian Council.
  2778 | D:3      | Found a white marble altar of Elyvilon.
  2828 | D:3      | Reached skill level 5 in Dodging
  3099 | D:3      | Reached skill level 1 in Air Magic
  3252 | D:3      | Reached XP level 6. HP: 18/28 MP: 13/13
  3358 | D:3      | Learned a level 4 spell: Olgreb's Toxic Radiance
  3625 | D:4      | Noticed ddubois's ghost (amateur GrSk)
  3691 | D:4      | HP: 1/28 [ddubois's ghost (5)]
  4859 | D:5      | Entered Level 5 of the Dungeon
  4859 | D:5      | Found a snail-covered altar of Cheibriados.
  4877 | D:5      | Slain by a mummy

Skill      XL: |  1  2  3  4  5 |
---------------+----------------+-----
Spellcasting   | 3 4 |  4.9
Conjurations   | 1 |  1.8
Dodging        | 4 5 |  5.8
Stealth        | 4 |  4.7
Air Magic      | 1 |  1.4
Poison Magic   | |  3.7

Action                   |  1- 3 |  4- 6 || total
-------------------------+-------+-------++-------
Melee: Short sword       |    96 |   236 ||   332
       Unarmed           |     2 |       ||     2
 Cast: Sting             |    10 |       ||    10
       Poisonous Vapours |    25 |    17 ||    42
       Mephitic Cloud    |       |     4 ||     4
       Olgreb's Toxic Ra |       |     1 ||     1
  Use: Potion            |     6 |     1 ||     7
       Scroll            |     7 |     4 ||    11
 Stab: Sleeping          |     7 |     2 ||     9
  Eat: Ration            |       |     2 ||     2
Armor: Robe              |    15 |    40 ||    55
Dodge: Dodged            |   103 |   180 ||   283
